 Dungeon Crawl Stone Soup version 0.17.0-28-g6e173f8 (webtiles) character file.

221 Baz the Digger (level 5, 32/42 HPs)
             Began as a Deep Dwarf Earth Elementalist on Nov 21, 2015.
             Quit the game on level 4 of the Dungeon on Nov 27, 2015.
             The game lasted 00:13:52 (3332 turns).

Baz the Digger (Deep Dwarf Earth Elementalist)      Turns: 3332, Time: 00:13:52

Health: 32/42      AC:  4    Str: 12    XL:     5   Next: 65%
Magic:  7/7        EV: 12    Int: 16    God:
Gold:   96         SH:  0    Dex: 13    Spells: 2 memorised, 3 levels left

rFire  . . .     SeeInvis .     p - +3 quarterstaff (chaos)
rCold  . . .     Clarity  .     a - +0 robe
rNeg   . . .     SustAt   .     (shield currently unavailable)
rPois  .         Gourm    .     (no helmet)
rElec  .         Spirit   .     q - +0 cloak
rCorr  .         Warding  .     h - +0 pair of gloves
rMut   .         Stasis   .     (no boots)
MR     .....                    (no amulet)
Stlth  ++........               (no ring)
                                (no ring)

@: non-regenerating, not resistant to hostile enchantments, unstealthy
A: damage resistance, recharge devices, sense surroundings 1, slow regeneration
3
a: Device Recharging


You were on level 4 of the Dungeon.
You were not hungry.

You visited 1 branch of the dungeon, and saw 4 of its levels.

You collected 96 gold pieces.

Inventory:

Hand Weapons
 p - a +3 quarterstaff of chaos (weapon)
 E - the cursed +0 whip "Vustruowo" {drain, -Tele +Inv rElec rF++}
   (You found it on level 4 of the Dungeon)

   A truly terrible weapon, it drains the life of those it strikes.
   It greatly protects you from fire.
   It insulates you from electricity.
   It lets you turn invisible.
   It prevents most forms of teleportation.
   It has a curse placed upon it.
Missiles
 b - 91 stones (quivered)
Armour
 a - a +0 robe (worn)
 h - a +0 pair of gloves (worn)
 q - a +0 cloak (worn)
Magical Staves
 D - an uncursed staff of wizardry
Jewellery
 v - an uncursed ring of ice
 y - an uncursed ring of flight {unknown}
Wands
 d - a wand of heal wounds (3)
Scrolls
 f - a scroll of immolation
 g - 2 scrolls of enchant weapon
 i - a scroll of remove curse
 m - 2 scrolls of teleportation
 o - a scroll of fog
 s - a scroll of identify
 u - 2 scrolls of amnesia {unknown}
 w - 2 scrolls of enchant armour {unknown}
 A - a scroll of blinking {unknown}
Potions
 j - 4 potions of agility {unknown}
 l - a potion of flight {unknown}
 n - 3 potions of curing {unknown}
 r - a potion of degeneration {unknown}
 x - 3 potions of lignification {unknown}
 B - a potion of poison {unknown}
 C - a potion of heal wounds {unknown}
Books
 c - a book of Geomancy

   Spells                             Type                      Level
   a - Sandblast                      Earth                        1
   b - Stoneskin                      Transmutation/Earth          2
   c - Passwall                       Transmutation/Earth          3
   d - Stone Arrow                    Conjuration/Earth            3
   e - Petrify                        Transmutation/Earth          4
   f - Lee's Rapid Deconstruction     Earth                        5
 z - a book of Beasts

   Spells                             Type                      Level
   a - Summon Butterflies             Summoning                    1
   b - Call Canine Familiar           Summoning                    3
   c - Summon Ice Beast               Ice/Summoning                4
   d - Summon Mana Viper              Hexes/Summoning              5
   e - Summon Hydra                   Summoning                    7
Comestibles
 e - a bread ration
 k - 2 meat rations
 t - a slice of pizza


   Skills:
 + Level 1.8 Staves
 - Level 2.1 Dodging
 - Level 2.4 Stealth
 + Level 1.9 Spellcasting
   Level 0.8 Transmutations
 + Level 7.7 Earth Magic


You had 3 spell levels left.
You knew the following spells:

 Your Spells              Type           Power        Failure   Level  Hunger
a - Sandblast             Erth           ####..       1%          1    #......
b - Stone Arrow           Conj/Erth      ##....       14%         3    ###....


Dungeon Overview and Level Annotations

Branches:
Dungeon (4/15)
 Temple: D:4-7

Altars:
Vehumet


Innate Abilities, Weirdness & Mutations

You are resistant to damage.
You can recharge devices by infusing magical energy.
You passively map a small area around you.
You do not regenerate naturally.


Message History

The adder closely misses you. The adder bites you.
You hit the adder. You burn the adder.
The adder is severely wounded.
The adder closely misses you. The adder barely misses you.
You hit the adder. You burn the adder.
You kill the adder!
No target in view!
You see here an adder corpse.
You butcher the adder corpse.
F - a chunk of flesh You see here an adder skeleton.
Eat a chunk of flesh? (ye/n/q/i?) This raw flesh tastes terrible.
You continue eating. x2
Unknown command.
Saving game... please wait.
Welcome back, Baz the Deep Dwarf Earth Elementalist.
Press ? for a list of commands and other information.
Unknown command.
Are you sure you want to abandon this character and quit the game? (Confirm with "yes".)

* .....###
##...................
, ......#
**..................
........*
*#.................
...###..
*................. *
#...#............ * ,
##..?# ,, ...... , #
##....# * ..###... ,,
#...##.....# ##..
##.. .......@...##
#..# #.. ,
###..####...# #..#
#.. * # ##..###.# #..
, ** ###.#..## ###.#
, ##.....###.... ,
#.........###. *
##..##.##.## ## *
##..####.#.# ##.#.#
##.#


There were no monsters in sight!

Vanquished Creatures
  Crazy Yiuf (D:2)
  An orc wizard (D:3)
  A gnoll (D:1)
  5 adders
  2 oozes (D:1)
  5 worms
  A giant gecko (D:2)
  9 orcs (D:3)
  6 bats
  2 giant cockroaches
  13 hobgoblins
  4 jackals (D:2)
  3 kobolds
  2 quokkas (D:3)
  A ball python (D:1)
  7 giant newts
  13 goblins
  A jackal skeleton (D:4)
  10 rats
  A fungus (D:2)
88 creatures vanquished.

Notes
Turn   | Place    | Note
--------------------------------------------------------------
     0 | D:1      | Baz the Deep Dwarf Earth Elementalist began the quest for the Orb.
     0 | D:1      | Reached XP level 1. HP: 15/15 MP: 3/3
   166 | D:1      | Reached XP level 2. HP: 22/22 MP: 2/4
   280 | D:1      | Reached skill level 5 in Earth Magic
   576 | D:1      | Reached XP level 3. HP: 26/28 MP: 3/5
  1199 | D:2      | Reached skill level 6 in Earth Magic
  1453 | D:2      | Noticed Crazy Yiuf
  1457 | D:2      | Killed Crazy Yiuf
  1457 | D:2      | Reached XP level 4. HP: 30/36 MP: 2/6
  1554 | D:2      | Reached skill level 7 in Earth Magic
  1743 | D:2      | Found a radiant altar of Vehumet.
  2514 | D:3      | Reached XP level 5. HP: 23/42 MP: 7/7
  2666 | D:3      | Reached skill level 1 in Staves
  2979 | D:3      | Learned a level 3 spell: Stone Arrow
  3161 | D:4      | Got a bloodstained whip
  3167 | D:4      | Identified the cursed +0 whip "Vustruowo" {drain, -Tele +Inv rElec rF++} (You found it on level 4 of the Dungeon)
  3332 | D:4      | Upgraded the game from 0.17.0-27-g4a3f43e to 0.17.0-28-g6e173f8
  3332 | D:4      | Quit the game

Action                   |  1- 3 |  4- 6 || total
-------------------------+-------+-------++-------
Melee: Unarmed           |    39 |       ||    39
       Quarterstaff      |       |   128 ||   128
 Cast: Sandblast         |    55 |    29 ||    84
Evoke: Wand              |       |     2 ||     2
  Use: Scroll            |       |     7 ||     7
 Stab: Sleeping          |       |     6 ||     6
       Petrified         |       |     2 ||     2
       Distracted        |       |     1 ||     1
       Paralysed         |       |     2 ||     2
  Eat: Chunk             |     3 |     2 ||     5
       Meat ration       |       |     1 ||     1
